 Dungeon Crawl Stone Soup version 0.30.1-3-gfc49f6343a (webtiles) character file.

Game seed: 1401909572385272274

2194 Gabide the Slicer (level 9, -12/44 HPs)
             Began as a Vine Stalker Gladiator on Aug 6, 2023.
             Was a Follower of Uskayaw.
             Mangled by an unseen horror simulacrum (19 damage)
             ... on level 7 of the Dungeon.
             The game lasted 00:12:56 (5871 turns).

Gabide the Slicer (Vine Stalker Gladiator)          Turns: 5871, Time: 00:12:58

Health: -12/44     AC:  8    Str: 17    XL:     9   Next: 34%
Magic:  0/10       EV: 13    Int:  8    God:    Uskayaw [*.....]
Gold:   487        SH:  0    Dex: 20    Spells: 8/8 levels left

rFire   . . .        a - +3 dagger (speed)
rCold   . . .        (no shield)
rNeg    . . .        v - +2 leather armour {Will+}
rPois   +            f - +0 helmet
rElec   .            k - +0 cloak
rCorr   .            b - +0 pair of gloves
SInv    .            (no boots)
Will    ++...        m - amulet of magic regeneration
Stlth   +            q - ring of poison resistance
HPRegen 1.07/turn    (no ring)
MPRegen 0.52/turn

%: guardian spirit
@: no status effects
A: fangs 3, regeneration 1, magic shield, antimagic bite, no potion heal 2
a: Renounce Religion, Stomp


You were on level 7 of the Dungeon.
You worshipped Uskayaw.
Uskayaw was noncommittal.
You visited 2 branches of the dungeon, and saw 8 of its levels.

You collected 487 gold pieces.

Inventory:

Hand Weapons
 a - a +3 dagger of speed (weapon)
Missiles
 c - a throwing net (quivered)
Armour
 b - a +0 pair of gloves (worn)
 f - a +0 helmet (worn)
 k - a +0 cloak (worn)
 v - a +2 leather armour of willpower (worn)
Jewellery
 m - an amulet of magic regeneration (around neck)
 q - a ring of poison resistance (left hand)
Wands
 d - a wand of digging (4)
 h - a wand of flame (27)
 r - a wand of acid (5)
 s - a wand of paralysis (5)
Scrolls
 g - a scroll of magic mapping
 w - 5 scrolls of teleportation
 x - 4 scrolls of identify
 y - 2 scrolls of blinking {unknown}
 A - a scroll of fear {unknown}
Potions
 e - 5 potions of haste
 i - a potion of berserk rage
 j - a potion of resistance {unknown}
 l - 7 potions of curing
 n - 3 potions of lignification
 o - a potion of heal wounds {unknown}
 p - a potion of flight {unknown}
 t - a potion of mutation {unknown}
 u - a potion of brilliance {unknown}
 z - a potion of degeneration {unknown}


   Skills:
 + Level 3.5 Fighting
 - Level 10.0 Short Blades
 - Level 3.0 Throwing
 + Level 3.4 Dodging
 - Level 3.0 Unarmed Combat


You had 8 spell levels left.
You didn't know any spells.
Your spell library contained the following spells:

 Spells                   Type           Power      Damage    Failure   Level
 Volatile Blastmotes      Fire/Tloc      0%         2d10      85%         3
 Fulminant Prism          Conj/Hex       0%         3d5       99%         4
 Iskenderun's Mystic Bla  Conj/Tloc      0%         2d3       99%         4
 Lee's Rapid Deconstruct  Erth           0%         3d4*      100%        5


Dungeon Overview and Level Annotations

Branches:
Dungeon (7/15)             Temple (1/1) D:4

Altars:
Cheibriados
Dithmenos
Elyvilon
Fedhas
Hepliaklqana
Kikubaaqudgha
Nemelex Xobeh
Okawaru
Qazlal
Ru
Sif Muna
Trog
Uskayaw
Wu Jian
Xom
Yredelemnul
The Shining One

Annotations:
D:7 zxspectator's ghost, novice GrFi


Innate Abilities, Weirdness & Mutations

You have razor-sharp teeth.
Your natural rate of healing is unusually fast.
When hurt, damage is shared between your health and your magic reserves.
Your bite disrupts and absorbs the magic of your enemies.
Potions cannot restore your health.


Message History

You are too injured to fight recklessly!
You are too injured to fight recklessly!
You are too injured to fight recklessly!
You are too injured to fight recklessly!
You are too injured to fight recklessly!
Press: ? - help, v - describe, . - travel
Here: an unseen horror simulacrum The floor.
Unknown command.
Unknown command.
Unknown command.
Throw: 2 throwing nets
Press: ? - help, Q - select action, (/) - cycle Shift-Dir - straight line, f - unseen horror simulacrum
Aim: an unseen horror simulacrum (81% to hit)
You throw a throwing net.
The throwing net hits the unseen horror simulacrum.
The unseen horror simulacrum is caught in the net!
The unseen horror simulacrum struggles against the net. x2
The net rips apart, and the unseen horror simulacrum comes free!
Okay, then.
Unknown command.
Unknown command.
Unknown command.
Aiming: Paralyse
Press: ? - help, Shift-Dir - straight line, f/p - unseen horror simulacrum
Aim: an unseen horror simulacrum (chance to affect: 58%)
The unseen horror simulacrum resists with significant effort.
The unseen horror simulacrum hits you but does no damage.
The unseen horror simulacrum closely misses you.
The unseen horror simulacrum hits you.
The unseen horror simulacrum freezes you!
* * * LOW HITPOINT WARNING * * *
Aiming: Paralyse
Press: ? - help, Shift-Dir - straight line, f/p - unseen horror simulacrum
Aim: an unseen horror simulacrum (chance to affect: 58%)
The unseen horror simulacrum resists with significant effort.
The unseen horror simulacrum hits you.
* * * LOW HITPOINT WARNING * * *
The unseen horror simulacrum freezes you!!
You die...

............##.$$!.##.........#
##.#.########.......#######...#
##.#.# ##.....##..# ##.## #.#.#
#.......##.# #.# #.#.#
####'''####.# #.# #.#.#
#.#.....#.#.#####.#### #.#.#
#...ZWZ.#.#.##.......# ##.#.#
###.#Z###.#.##.......# .....#
#.#@# #.#.##))......
.....#########.#.###.#.)..)......
........>...............#)#.#.#.)
.....#########...###.#...).......
.....#######..........#.#.#.#.#.)
####...........#.####............
###..#.#.#..#.# ###.#.#.#.#..
#...........######..........
##.#.#.#..#........#.#.#.#..


You could see a spectral centaur, zxspectator's ghost, a centaur simulacrum and
an unseen horror simulacrum.

Vanquished Creatures
  Pikel (D:5)
  3 water moccasins
  An ice beast (D:7)
  An orc warrior (D:5)
  An ogre (D:5)
  A centaur (D:5)
  A phantom (D:5)
  A kobold brigand (D:7)
  3 bullfrogs
  A howler monkey (D:3)
  2 jellies
  3 hounds (D:4)
  2 orc priests (D:6)
  2 sleepcaps
  Jessica (D:2)
  3 iguanas
  Natasha (thrice) (D:3)
  2 orc wizards
  5 adders
  A shadow imp (D:7)
  2 white imps
  2 ufetubi
  A worm (D:2)
  3 dart slugs
  16 orcs
  7 ball pythons
  11 endoplasms
  2 giant cockroaches
  3 goblins
  12 hobgoblins
  6 jackals
  9 kobolds
  3 quokkas
  11 bats
  3 frilled lizards
  4 rats
133 creatures vanquished.

Notes
Turn   | Place    | Note
-------+----------+-------------------------------------------
     0 | D:1      | Gabide the Vine Stalker Gladiator began the quest for the
                  | Orb.
     0 | D:1      | Reached XP level 1. HP: 11/11 MP: 2/2
    46 | D:1      | Reached XP level 2. HP: 6/15 MP: 1/3
   466 | D:1      | Found a faded altar of an unknown god.
   466 | D:1      | Noticed a crimson imp
   799 | D:1      | Reached XP level 3. HP: 8/18 MP: 1/4
  1369 | D:2      | Noticed Jessica
  1380 | D:2      | Killed Jessica
  1381 | D:2      | Gained mutation: Your natural rate of healing is unusually
                  | fast. [Vine Stalker growth]
  1381 | D:2      | Reached XP level 4. HP: 14/23 MP: 2/5
  2016 | D:3      | Noticed Natasha
  2023 | D:3      | Killed Natasha
  2024 | D:3      | Reached skill level 1 in Short Blades
  2024 | D:3      | Reached XP level 5. HP: 19/28 MP: 4/6
  2257 | D:3      | Noticed Natasha
  2268 | D:3      | Killed Natasha
  2269 | D:3      | Reached skill level 2 in Short Blades
  2476 | D:3      | Reached skill level 3 in Short Blades
  2655 | D:3      | Noticed Natasha
  2665 | D:3      | Killed Natasha
  2666 | D:3      | Reached XP level 6. HP: 32/32 MP: 7/7
  3046 | D:4      | Reached skill level 4 in Short Blades
  3066 | D:4      | You fall into a shaft and drop 3 floors!
  3096 | D:7      | Noticed a water moccasin
  3179 | D:6      | Reached XP level 7. HP: 31/36 MP: 6/8
  3186 | D:6      | Reached skill level 5 in Short Blades
  3324 | D:5      | Entered Level 5 of the Dungeon
  3351 | D:5      | Reached skill level 6 in Short Blades
  3364 | D:5      | Noticed Pikel
  3410 | D:5      | Killed Pikel
  3411 | D:5      | Reached skill level 7 in Short Blades
  3411 | D:5      | Gained mutation: You have razor-sharp teeth. [Vine Stalker
                  | growth]
  3411 | D:5      | Reached XP level 8. HP: 29/40 MP: 9/9
  3513 | D:5      | Reached skill level 8 in Short Blades
  3935 | D:5      | Reached skill level 9 in Short Blades
  4557 | D:4      | Found a staircase to the Ecumenical Temple.
  4567 | Temple   | Entered the Ecumenical Temple
  4787 | Temple   | Became a worshipper of Uskayaw the Reveller
  4866 | D:4      | Reached * piety under Uskayaw
  4870 | D:4      | Reached ** piety under Uskayaw
  4949 | D:4      | Reached XP level 9. HP: 44/44 MP: 10/10
  5261 | D:7      | Reached *** piety under Uskayaw
  5370 | D:7      | Found a stormy altar of Qazlal.
  5370 | D:7      | Found a blossoming altar of Fedhas.
  5541 | D:7      | Reached skill level 10 in Short Blades
  5575 | D:7      | Reached **** piety under Uskayaw
  5589 | D:7      | Found a runed translucent gate.
  5589 | D:7      | Found a runed translucent gate.
  5590 | D:7      | Found a runed translucent gate.
  5593 | D:7      | Noticed zxspectator's ghost (novice GrFi)
  5871 | D:7      | Mangled by an unseen horror simulacrum

Illustrated notes

Levels and vault maps discovered:
D:1:      dpeg_arrival_rhombus, layout_basic, serial_co_window_serial,
          co_window_of_opportunity_a, co_window_paths_a, co_window_paths_a,
          co_window_paths_b, co_window_corner_a, co_window_of_opportunity_a,
          co_window_paths_a, co_window_paths_b, co_window_of_opportunity_a,
          co_window_corner_b, co_window_corner_b, co_window_2corner,
          co_window_of_opportunity_c, co_window_paths_e, glass_columns_a,
          glass_columns_b, glass_columns_c,
          dreamdust_ecumenical_altar_sealed_demon, dk_noncrumbling_3,
          chequers_jeans
D:2:      layout_basic, serial_glass, glass_columns_a, glass_columns_a,
          glass_columns_b, glass_columns_a, glass_columns_b, glass_columns_b,
          glass_columns_b, glass_columns_c, glass_columns_a, glass_columns_c,
          feat_on_display, due_unseen_surprise, minmay_strange_pillars,
          uniq_jessica
D:3:      cheibrodos_old_hovel, layout_loops_ring, nicolae_hexahallways,
          uniq_natasha
D:4:      layout_basic, minmay_temple_entry_water_ring
D:5:      layout_loops_corners, uniq_pikel
D:6:      layout_gridville
D:7:      layout_loops_ring, grunt_temple_overflow_forces_of_nature,
          serial_glass, glass_columns_b, glass_columns_b, glass_columns_a,
          glass_columns_c, glass_columns_b, glass_columns_a,
          gammafunk_ghost_necromancy, due_unseen_surprise
Temple:   bh_familiar_temple

Skill      XL: |  1  2  3  4  5  6  7  8  9 |
---------------+----------------------------+-----
Fighting       | 2 3 |  3.5
Throwing       | 2 3 |  3.0
Dodging        | 3 |  3.4
Short Blades   | 1 3 4 7 9 10 | 10.0
Unarmed Combat | |  3.0

Action                     |  1- 3 |  4- 6 |  7- 9 || total
---------------------------+-------+-------+-------++-------
  Melee: Unarmed           |    90 |    37 |       ||   127
         Bite              |    25 |    48 |    94 ||   167
         Punch             |     2 |     5 |    13 ||    20
         Dagger            |       |   126 |   263 ||   389
  Throw: Throwing net      |     3 |       |     4 ||     7
         Javelin           |     2 |       |       ||     2
  Evoke: Wand              |       |       |     2 ||     2
    Use: Scroll            |     3 |     5 |     1 ||     9
   Stab: Held in net/web   |     4 |       |     2 ||     6
         Sleeping          |       |     3 |     3 ||     6
         Paralysed         |       |       |     4 ||     4
 Armour: Leather armour    |    30 |    33 |    39 ||   102
  Dodge: Dodged            |    52 |    71 |    79 ||   202
